 Dungeon Crawl Stone Soup version 0.28-a0-932-g843f935a50 (webtiles) character file.

Game seed: 5051019965445081668

2226 Peloso the Carver (level 9, 0/78 HPs)
             Began as a Minotaur Fighter on Nov 27, 2021.
             Was a Priest of Okawaru.
             Succumbed to a water moccasin's poison
             ... on level 7 of the Dungeon.
             The game lasted 00:10:18 (5226 turns).

Peloso the Carver (Minotaur Fighter)                Turns: 5226, Time: 00:10:18

Health: 0/78       AC:  9    Str: 23    XL:     9   Next: 14%
Magic:  8/8        EV: 11    Int:  5    God:    Okawaru [***...]
Gold:   393        SH:  5    Dex: 11    Spells: 8/8 levels left

rFire   . . .      SeeInvis .   a - +0 long sword
rCold   . . .      Faith    .   c - +0 buckler
rNeg    . . .      Spirit   .   b - +0 scale mail
rPois   .          Reflect  .   (helmet restricted)
rElec   .          Harm     .   (no cloak)
rCorr   .          Rampage  .   C - +0 pair of gloves
Will    .....                   (no boots)
Stlth   ..........              g - amulet of regeneration
HPRegen 1.03/turn               (no ring)
MPRegen 0.11/turn               (no ring)

@: lethally poisoned (0 -> -15)
A: horns 2, retaliatory headbutt
a: Renounce Religion, Heroism


You were on level 7 of the Dungeon.
You worshipped Okawaru.
Okawaru was most pleased with you.
You visited 2 branches of the dungeon, and saw 8 of its levels.

You collected 393 gold pieces.

Inventory:

Hand Weapons
 a - a +0 long sword (weapon)
Missiles
 r - a throwing net (quivered)
Armour
 b - a +0 scale mail (worn)
 c - a +0 buckler (worn)
 C - a +0 pair of gloves (worn)
Jewellery
 g - an amulet of regeneration (around neck)
 v - a ring of magical power
 A - a ring of magical power
Wands
 y - a wand of mindburst (9)
Scrolls
 f - a scroll of holy word {unknown}
 h - 2 scrolls of magic mapping {unknown}
 k - 4 scrolls of enchant armour {unknown}
 l - 11 scrolls of identify {unknown}
 m - a scroll of immolation {unknown}
 n - 2 scrolls of teleportation {unknown}
 o - a scroll of torment {unknown}
 p - a scroll of acquirement {unknown}
 q - a scroll of vulnerability {unknown}
 s - a scroll of noise {unknown}
 u - a scroll of blinking {unknown}
 w - 2 scrolls of fear {unknown}
Potions
 d - a potion of invisibility {unknown}
 e - a potion of resistance {unknown}
 i - 3 potions of curing {unknown}
 j - a potion of cancellation {unknown}
 t - a potion of lignification {unknown}
 x - a potion of brilliance {unknown}
 z - a potion of degeneration {unknown}
 B - a potion of magic {unknown}


   Skills:
 + Level 6.9 Fighting
 + Level 9.7 Long Blades
 + Level 8.0 Armour
 + Level 3.0 Dodging
 + Level 0.6 Stealth
 + Level 6.0 Shields


You had 8 spell levels left.
You didn't know any spells.
Your spell library contained the following spells:

 Spells                   Type           Power      Damage    Failure   Level
 Ignite Poison            Fire/Tmut/Pois 0%         N/A       98%         3
 Mephitic Cloud           Conj/Pois/Air  0%         N/A       98%         3
 Passage of Golubria      Tloc           0%         N/A       100%        4
 Freezing Cloud           Conj/Ice/Air   0%         6-21      100%        5
 Yara's Violent Unravell  Hex/Tmut       0%         3d3       100%        5
 Tukima's Dance           Hex            Unusable   N/A       N/A         3

Dungeon Overview and Level Annotations

Branches:
Dungeon (7/15)             Temple (1/1) D:4

Altars:
Ashenzari
Cheibriados
Fedhas
Gozag
Hepliaklqana
Kikubaaqudgha
Makhleb
Okawaru
Qazlal
Ru
Sif Muna
Trog
Uskayaw
Vehumet
Xom
Yredelemnul
Zin

Shops:
D:4 :=   D:6 [

Annotations:
D:6 1 runed translucent door, Tarias's ghost, novice DEAE
D:7 1 runed translucent door, Soborki's ghost, novice MiBe


Innate Abilities, Weirdness & Mutations

You have a pair of horns on your head.
You reflexively headbutt those who attack you in melee.


Message History

You feel very sick.
The water moccasin bites you but does no damage.
The howler monkey hoots and howls with incredible vigour!
You closely miss the water moccasin.
You feel very sick. The water moccasin bites you.
You hit the water moccasin but do no damage.
You feel sick. The water moccasin bites you!
You are more poisoned.
The water moccasin poisons you!
The howler monkey hoots and howls with incredible vigour!
The water moccasin bites you but does no damage.
You closely miss the water moccasin.
You feel very sick. The water moccasin misses you.
You barely miss the water moccasin.
Your headbutt misses the water moccasin.
You feel very sick. You block the water moccasin's attack.
The howler monkey hoots and howls with incredible vigour!
You feel very sick.
The howler monkey hoots and howls with incredible vigour!
The water moccasin bites you.
You are more poisoned.
The water moccasin poisons you!
You feel very sick.
You feel very sick.
You feel very sick. The water moccasin bites you.
* * * LOW HITPOINT WARNING * * *
You feel very sick.
You feel sick.
The water moccasin bites you but does no damage.
The howler monkey hoots and howls with incredible vigour!
You feel sick. The water moccasin bites you.
* * * LOW HITPOINT WARNING * * *
You are lethally poisoned!
The water moccasin poisons you!
The howler monkey hoots and howls with incredible vigour!
You die...

# #. #. ##########
#.####...Sh.h.#
#........####.#.#
#####.......@Z..#.#.#
........).....#.#h#.#
####..........#.#h#.# .
##.......)..#.#h#.######.
+..........<.....S.......
.. ##..........#.....:...#
... #..#.................#
.... #(.#..####.##........#
....##....................#


You could see a water moccasin and a hornet zombie.

Vanquished Creatures
  Prince Ribbit (D:6)
  Eustachio (D:5)
  Edmund (D:4)
  A black bear (D:4)
  An ice beast (D:6)
  A necrophage (D:7)
  3 ogres
  2 centaurs
  2 wyvern zombies (D:6)
  2 scorpions (D:5)
  2 wyvern skeletons
  A vampire bat (D:6)
  A centaur zombie (D:6)
  An orc priest (D:4)
  A jelly (D:6)
  A gnoll shaman (D:5)
  2 hounds
  2 bullfrog skeletons
  7 iguanas
  A centaur skeleton (D:6)
  A howler monkey skeleton (D:7)
  7 gnolls
  7 adders
  A shadow imp (D:7)
  A white imp (D:7)
  2 ufetubi
  An adder skeleton (D:4)
  3 worms (D:2)
  3 dart slugs
  9 orcs
  10 bats
  10 endoplasms
  3 giant cockroaches
  10 goblins
  4 hobgoblins
  3 quokkas
  10 ball pythons
  6 frilled lizards
  9 kobolds
  6 rats
  7 bushes (D:3)
147 creatures vanquished.

Vanquished Creatures (others)
  15 plants
15 creatures vanquished.

Grand Total: 162 creatures vanquished

Notes
Turn   | Place    | Note
-------+----------+-------------------------------------------
     0 | D:1      | Peloso the Minotaur Fighter began the quest for the Orb.
     0 | D:1      | Reached XP level 1. HP: 19/19 MP: 0/0
   248 | D:1      | Reached XP level 2. HP: 27/27 MP: 1/1
   248 | D:1      | Found a faded altar of an unknown god.
   720 | D:2      | Reached XP level 3. HP: 21/33 MP: 2/2
   889 | D:2      | Reached skill level 3 in Long Blades
  1356 | D:2      | Reached XP level 4. HP: 23/40 MP: 3/3
  1508 | D:3      | Reached skill level 4 in Long Blades
  1913 | D:3      | Reached XP level 5. HP: 47/47 MP: 4/4
  2641 | D:4      | Found Dief's Jewellery Emporium.
  2645 | D:4      | Noticed Edmund
  2658 | D:4      | Killed Edmund
  2659 | D:4      | Reached skill level 5 in Armour
  2659 | D:4      | Reached skill level 1 in Dodging
  2680 | D:4      | Noticed a black bear
  2685 | D:4      | Killed a black bear
  2686 | D:4      | Reached skill level 5 in Long Blades
  2686 | D:4      | Reached XP level 6. HP: 43/53 MP: 5/5
  2750 | D:4      | Found Mupunulo's Book Shop.
  2769 | D:4      | Found a staircase to the Ecumenical Temple.
  2779 | Temple   | Entered the Ecumenical Temple
  2786 | Temple   | Became a worshipper of Warmaster Okawaru
  3377 | D:5      | Entered Level 5 of the Dungeon
  3480 | D:5      | Reached skill level 6 in Long Blades
  3480 | D:5      | Reached XP level 7. HP: 32/60 MP: 6/6
  3485 | D:5      | Reached skill level 5 in Fighting
  3485 | D:5      | Reached skill level 5 in Shields
  3602 | D:5      | Reached * piety under Okawaru
  3721 | D:5      | Reached skill level 7 in Long Blades
  3888 | D:5      | Noticed Eustachio
  3905 | D:5      | Killed Eustachio
  4151 | D:5      | Reached XP level 8. HP: 64/70 MP: 7/7
  4229 | D:6      | Reached skill level 8 in Long Blades
  4239 | D:6      | Found a runed translucent door.
  4247 | D:6      | Noticed Tarias's ghost (novice DEAE)
  4263 | D:6      | Reached ** piety under Okawaru
  4422 | D:6      | Found a burning altar of Makhleb.
  4719 | D:6      | Reached skill level 9 in Long Blades
  4746 | D:6      | Noticed Prince Ribbit
  4768 | D:6      | Killed Prince Ribbit
  4805 | D:6      | Found Ewaecuh's Armour Shop.
  5023 | D:7      | Reached XP level 9. HP: 78/78 MP: 8/8
  5134 | D:7      | Found a broken altar of Ashenzari.
  5153 | D:7      | Found a runed translucent door.
  5153 | D:7      | Found a shimmering altar of Xom.
  5153 | D:7      | Noticed Soborki's ghost (novice MiBe)
  5154 | D:7      | Noticed a +0 whip of chaos
  5168 | D:7      | Reached *** piety under Okawaru
  5226 | D:7      | Succumbed to a water moccasin's poison

Illustrated notes

Levels and vault maps discovered:
D:1:      dpeg_arrival_rooms_b, layout_basic, ebering_ecumenical_altar_mist
D:2:      layout_loops_cross, chequers_decorated_corner
D:3:      minmay_skewed_foursquare, layout_basic, lexackson_kobold_supper
D:4:      layout_loops_ring, minmay_temple_entry_sparse_star, serial_shops,
          nicolae_shop_hallway_plus, minmay_shop_enchanted_jewellery,
          uniq_edmund
D:5:      layout_loops_ring, uniq_eustachio
D:6:      layout_gridville, mainiacjoe_overflow_six_doors_small,
          ebering_ghost_sewer_d, serial_shops, shop, roderic_batcave,
          uniq_prince_ribbit1
D:7:      cheibrodos_barr_body, layout_basic, mainiacjoe_overflow_catwalk,
          ebering_ghost_xom, minivault_10, serial_bayou_crossing
Temple:   nicolae_temple_no_exploring_needed

Skill      XL: |  1  2  3  4  5  6  7  8  9 |
---------------+----------------------------+-----
Shields        | 4 5 6 |  6.0
Fighting       | 4 5 6 |  6.9
Long Blades    | 3 4 5 6 7 9 |  9.7
Armour         | 4 5 6 7 8 |  8.0
Dodging        | 1 2 3 |  3.0
Stealth        | |  0.6

Action                   |  1- 3 |  4- 6 |  7- 9 || total
-------------------------+-------+-------+-------++-------
Melee: Long sword        |    87 |   479 |   171 ||   737
       Headbutt          |    16 |   150 |    27 ||   193
  Use: Scroll            |     1 |       |       ||     1
       Potion            |       |     1 |       ||     1
Armor: Scale mail        |    37 |    42 |    65 ||   144
Dodge: Dodged            |    33 |    65 |    77 ||   175
Block: Buckler           |    16 |    30 |    43 ||    89

Table legend: (Time is in decaauts)
 A = Elapsed time spent in this place.
 B = Non-inter-level travel time spent in this place.
 C = Inter-level travel time spent in this place.
 D = Time resting spent in this place.
 E = Time spent auto-exploring this place.
 F = Levels seen in this place.
 G = Mean time per level.
                   A        B        C        D        E       F      G
               +--------+--------+--------+--------+--------+-----+--------+
         Total |   5336 |   5192 |    144 |     11 |   3541 |   8 |  667.0 |
       Dungeon |   5321 |   5177 |    144 |     11 |   3541 |   7 |  760.1 |
        Temple |     14 |     14 |      0 |      0 |      0 |   1 |   14.0 |
               +--------+--------+--------+--------+--------+-----+--------+

Top non-repeatable levels by time:
     D:3: 1352 daAuts
     D:5: 844 daAuts
     D:2: 735 daAuts
     D:4: 727 daAuts
     D:6: 719 daAuts
     D:1: 656 daAuts
     D:7: 286 daAuts
  Temple: 14 daAuts
